AoeStats
← Schluder

Arabia

505904426Analyzed
3v3 RM · 20d ago on Sep 11, 2026· 24m 52s· 6 players
Game mode
Random Map
Map size
Normal (6 player)
Population
200
Speed
Normal
Resources
Standard
Victory
Conquest
Starting age
Dark Age
Ending age
Imperial Age
RankedLock teamsTeams togetherTeam positionsShared explorationLock speedFull tech treeHidden civsTurbo modeCheats
Victory
Defeat
🇩🇪 Mongols · Germany
903
+12
🇩🇪 Chinese · Germany
815
+15
🇩🇪 Bulgarians · Germany
803
+16
🇮🇳 Goths · India
815
-15
🇮🇳 Vietnamese · India
802
-14
🇪🇸 Bengalis · Spain
793
-14
SGTbubbles
12:47 Feudal Age
13:45 Loom
17:18 Padded Archer Armor
17:09 Fletching
22:39 Castle Age
24:15 Bodkin Arrow
23:56 Crossbowman
Twiste∂•
0:33 Loom
10:41 Feudal Age
11:56 Double-Bit Axe
11:53 Horse Collar
13:22 Man-at-Arms
15:11 Gold Mining
22:31 Wheelbarrow
21:48 Town Watch
22:19 Scale Mail Armor
22:30 Forging
SGTSanju
12:26 Feudal Age
17:05 Castle Age
16:18 Double-Bit Axe
17:06 Horse Collar
18:29 Loom
Krysztoff
6:48 Loom
11:40 Feudal Age
15:01 Castle Age
16:31 Forging
17:25 Bloodlines
18:24 Scale Barding Armor
Schluder
5:15 Loom
10:45 Feudal Age
12:02 Double-Bit Axe
12:47 Forging
14:09 Arson
19:14 Scale Mail Armor
22:17 Wheelbarrow
25:51 Castle Age
TrainerLukas
8:06 Loom
11:35 Feudal Age
16:07 Castle Age
14:38 Double-Bit Axe
19:50 Bow Saw
19:38 Horse Collar
23:12 Heavy Plow
Connection lost

Rejoining the realm…

Still unreachable

The connection could not be restored.

Session expired

The server has moved on; the page needs a fresh start.